 Dungeon Crawl Stone Soup version 0.17.2-1-ge4368a0 (webtiles) character file.

60 Goblin1989 the Chopper (level 3, 0/29 HPs)
             Began as a Demonspawn Fighter on Nov 24, 2017.
             Slain by an ooze (2 damage)
             ... in a sewer.
             The game lasted 00:06:50 (491 turns).

Goblin1989 the Chopper (Demonspawn Fighter)          Turns: 491, Time: 00:06:50

Health: 0/29       AC:  6    Str: 16    XL:     3   Next: 82%
Magic:  3/3        EV:  8    Int: 10    God:
Gold:   11         SH:  9    Dex: 12    Spells: 0 memorised, 2 levels left

rFire  . . .     SeeInvis .     a - +0 war axe
rCold  . . .     Clarity  .     b - +0 scale mail
rNeg   . . .     SustAt   .     c - +1 shield
rPois  .         Gourm    .     (helmet restricted)
rElec  .         Spirit   .     (no cloak)
rCorr  .         Warding  .     (no gloves)
rMut   .         Stasis   .     (no boots)
MR     .....                    (no amulet)
Stlth  ..........               (no ring)
                                (no ring)

@: not resistant to hostile enchantments, extremely unstealthy
A: antennae 1, repulsion field 1
a: no special abilities


You were in a sewer.
You were not hungry.

You visited 1 branch of the dungeon, and saw 3 of its levels.
You also visited: Sewer.

You collected 11 gold pieces.

Inventory:

Hand Weapons
 a - a +0 war axe (weapon)
Armour
 b - a +0 scale mail (worn)
 c - a +1 shield (worn)
Scrolls
 d - a scroll of teleportation {unknown}
 f - a scroll of recharging {unknown}
 h - a scroll of random uselessness {unknown}
 i - 2 scrolls of fog {unknown}
 j - a scroll of identify {unknown}
Potions
 k - 3 potions of flight
Comestibles
 e - 2 bread rations {@e1}
 g - a royal jelly


   Skills:
 - Level 3.0 Fighting
 + Level 3.8 Axes
 - Level 2.6 Armour
 - Level 2.6 Shields


You had 2 spell levels left.
You didn't know any spells.

Dungeon Overview and Level Annotations

Branches:
Dungeon (3/15)

Altars:


Innate Abilities, Weirdness & Mutations

You have a pair of small antennae on your head.
You are surrounded by a mild repulsion field (EV +2).


Message History

You enter the shallow water.
Moving in this stuff is going to be slow.
You closely miss the bat. The bat hits you but does no damage.
You enter the shallow water.
Moving in this stuff is going to be slow.
You block the bat's attack. The bat barely misses you.
You enter the shallow water.
Moving in this stuff is going to be slow.
The bat hits you but does no damage. You block the bat's attack.
The bat closely misses you.
You slash the bat!
You kill the bat!
You enter the shallow water.
Moving in this stuff is going to be slow.
Unknown command.
Health restored: 29 You enter the shallow water.
Moving in this stuff is going to be slow.
You open the large door. 3 worms come into view.
A worm comes into view.
You open the large door. 4 oozes come into view.
The ooze quivers. x3
You hit the ooze.
The ooze is heavily wounded.
You slash the worm!
The worm is moderately wounded.
You slash the worm!
The worm is heavily wounded.
You slash the ooze!
The ooze is severely wounded.
The ooze hits you but does no damage. You block the ooze's attack.
The worm bites you! The ooze hits you. The ooze hits you but does no damage.
The worm bites you!
* * * LOW HITPOINT WARNING * * *
You take 17 damage, and have 12/29 hp.
O_OOPS!!
MASSIVE DAMAGE!!
Unknown command.
Unknown command.
Drink which item? (? for menu, Esc to quit)
Okay, then.
You slash the worm!
The worm is almost dead.
You hit the ooze.
The ooze is almost dead.
You hit the ooze.
The ooze is severely wounded.
You hit the worm but do no damage.
The worm is moderately wounded.
The ooze hits you.
* * * LOW HITPOINT WARNING * * *
The ooze barely misses you. The worm bites you.
* * * LOW HITPOINT WARNING * * *
You take 5 damage, and have 7/29 hp.
Unknown command.
You slash the worm!
You kill the worm!
You hit the worm.
The worm is lightly wounded.
You slash the ooze!
You kill the ooze!
You hit the ooze.
You kill the ooze!
You hit the worm but do no damage.
The worm is moderately wounded.
The worm barely misses you. The worm bites you but does no damage.
The ooze hits you.
* * * LOW HITPOINT WARNING * * *
The ooze hits you but does no damage.
You take 1 damage, and have 6/29 hp.
Unknown command.
Unknown command.
You hit the worm.
The worm is severely wounded.
You hit the ooze.
The ooze is lightly wounded.
You hit the ooze.
The ooze is lightly wounded.
You hit the worm but do no damage.
The worm is lightly wounded.
You slash the worm!
The worm is severely wounded.
You block the ooze's attack. The worm closely misses you.
You block the worm's attack. The worm bites you.
* * * LOW HITPOINT WARNING * * *
The ooze closely misses you.
You take 4 damage, and have 2/29 hp.
Unknown command.
You slash the worm!
The worm is almost dead.
You barely miss the ooze.
The ooze is lightly wounded.
You hit the ooze.
The ooze is heavily wounded.
Your shield and scale mail prevent you from hitting the worm.
You hit the worm.
The worm is almost dead.
You block the ooze's attack. The ooze hits you.
You die... ≈≈≈≈.≈≈≈≈≈≈≈.≈.≈≈≈.≈.≈†≈≈█ ███.. ≈≈≈≈≈≈≈≈≈≈≈≈≈≈≈≈≈≈≈≈≈≈.≈.████.... ≈≈≈≈.≈.≈≈.≈.≈≈≈.≈≈≈≈≈≈≈≈≈██.†.... ██████████████████████≈≈≈███..... █████ █≈≈.█ ██████ █.... █≈≈.█ ▲█████∆∆█████≈≈≈█ ......www≈.≈≈≈≈≈█ .......@..≈≈≈≈≈≈█ ▲█████JJ█████≈≈≈█ █.... █≈≈.█ ██████

█≈≈≈█
██████████████████████≈≈≈███████
.≈.≈≈≈.≈.≈≈≈≈≈≈≈≈..≈.≈≈≈≈≈≈≈≈≈≈≈
≈≈≈≈≈≈≈≈≈≈≈≈≈≈≈≈≈≈≈≈≈≈≈≈≈≈≈≈≈≈≈≈
≈..≈≈≈≈≈≈.≈≈≈≈≈≈.≈≈≈≈≈≈≈≈≈≈≈≈≈≈≈


████████████████████████████████ You could see 3 worms and 2 oozes.

Vanquished Creatures
  2 adders
  3 oozes (Sewer)
  2 worms
  6 bats
  3 giant cockroaches (Sewer)
  3 goblins
  A hobgoblin (D:1)
  A ball python (Sewer)
  2 giant newts (Sewer)
  4 jackals (Sewer)
  A rat (D:1)
28 creatures vanquished.

Notes
Turn   | Place    | Note
--------------------------------------------------------------
     0 | D:1      | Goblin1989 the Demonspawn Fighter began the quest for the Orb.
     0 | D:1      | Reached XP level 1. HP: 18/18 MP: 1/1
     0 | D:1      | Goblin1989: !hs * dsfi -log
     0 | D:1      | beem: 175910. p0werm0de, XL27 DsFi, T:32994: http://crawl.xtahua.com/crawl/morgue/p0werm0de/morgue-p0werm0de-20170904-154631.txt
    65 | D:2      | Gained mutation: You have a pair of small antennae on your head. [demonic ancestry]
    65 | D:2      | Reached XP level 2. HP: 6/24 MP: 2/2
   170 | D:3      | Found a glowing drain.
   179 | Sewer    | Entered a sewer
   186 | Sewer    | Gained mutation: You are surrounded by a mild repulsion field (EV +2). [demonic ancestry]
   186 | Sewer    | Reached XP level 3. HP: 9/29 MP: 3/3
   201 | Sewer    | Goblin1989: !source sewer.des
   201 | Sewer    | beem: https://github.com/crawl/crawl/blob/master/crawl-ref/source/dat/des/portals/sewer.des
   491 | Sewer    | Slain by an ooze

Action                   || total
-------------------------++-------
Melee: War axe           ||   127
  Use: Scroll            ||     2
       Potion            ||     3

Vault maps used:
D:1:      dpeg_arrival_tiny_d
D:2:      minmay_crystal_water, kennysheep_small_spiral
D:3:      grunt_temple_overflow_open, portal_sewer_entry_d,
          minmay_misc_feat_roman
Sewer:    sewer_fruit_machine
